 Dungeon Crawl Stone Soup version 0.22-a0-99-g1ac4c55 (webtiles) character file.

30 4thArraOfDagon the Firebug (level 2, 0/22 HPs)
             Began as a Demigod Fire Elementalist on Jan 25, 2018.
             Succumbed to an adder's poison
             ... on level 2 of the Dungeon.
             The game lasted 00:04:58 (820 turns).

4thArraOfDagon the Firebug (DgFE)                    Turns: 820, Time: 00:04:58

Health: 0/22       AC:  5    Str: 11    XL:     2   Next: 84%
Magic:  0/7        EV: 17    Int: 19    God:
Gold:   120        SH:  0    Dex: 21    Spells: 4/5 levels left

rFire    . . .     SeeInvis .   i - -3 flail (curse)
rCold    . . .     Gourm    .   (no shield)
rNeg     . . .     Faith    .   d - +0 leather armour (curse)
rPois    .         Spirit   .   (helmet restricted)
rElec    .         Reflect  .   (no cloak)
rCorr    .         Harm     .   (no gloves)
MR       .....                  (no boots)
Stlth    +++.......             e - amulet of inaccuracy (curse)
HPRegen  0.07/turn              j - ring of flight
MPRegen  0.10/turn              (no ring)

@: agile, lethally poisoned (0 -> -4), very slightly contaminated
A: antennae 1, thin metallic scales 1, high mp 1, robust 1, evolution 1
a: Evoke Flight


You were on level 2 of the Dungeon.
You were hungry.

You visited 1 branch of the dungeon, and saw 4 of its levels.

You collected 120 gold pieces.

Inventory:

Hand Weapons
 i - a cursed -3 flail (weapon)
 k - a +2 flail of protection
Armour
 a - a +0 robe
 d - a cursed +0 leather armour (worn)
 f - a cursed +0 robe
 g - a +0 helmet
 m - a +0 ring mail
Jewellery
 e - a cursed amulet of inaccuracy (around neck)
 j - a ring of flight (left hand)
Scrolls
 h - a scroll of fog
Books
 b - a book of Flames

   Spells                             Type                      Level
   a - Flame Tongue                   Conjuration/Fire             1
   b - Throw Flame                    Conjuration/Fire             2
   c - Conjure Flame                  Conjuration/Fire             3
   d - Inner Flame                    Hexes/Fire                   3
   e - Sticky Flame                   Conjuration/Fire             4
   f - Fireball                       Conjuration/Fire             5
Comestibles
 c - 2 rations


   Skills:
 - Level 1.7 Dodging
 - Level 1.7 Stealth
 - Level 2.0 Spellcasting
 * Level 1.8 Conjurations
 * Level 3.2 Fire Magic


You had 4 spell levels left.
You knew the following spells:

 Your Spells              Type           Power        Failure   Level  Hunger
a - Flame Tongue          Conj/Fire      ##...        8%          1    #......


Dungeon Overview and Level Annotations

Branches:
Dungeon (4/15)
 Temple: D:4-7

Annotations:
D:3 Terence


Innate Abilities, Weirdness & Mutations

You have an increased reservoir of magic. (+10% MP)
You have a pair of small antennae on your head.
You are partially covered in thin metallic scales. (AC +2)
You are robust. (+10% HP)
You evolve.


Message History

The adder misses you. The adder closely misses you.
Unknown command.
You hit the adder.
The adder is almost dead.
* * * LOW HITPOINT WARNING * * *
You feel sick. The adder completely misses you.
The adder bites you but does no damage.
Unknown command.
You closely miss the adder.
The adder is almost dead.
* * * LOW HITPOINT WARNING * * *
You feel sick. The adder closely misses you.
Unknown command.
You barely miss the adder.
The adder is almost dead.
The adder bites you but does no damage. The adder misses you.
Unknown command.
You hit the adder.
The adder is almost dead.
You die...

#....###......# #######
#.#...#.#.....## #.....#
###...##.......... ##
#.###.# #......#.##.#..###
>######.# #.#
#.###.......#..# ........#
#.####.####.#.......#
.########
#......>.##.#####...# ...#
####.S......# #...# ##.#
#.#@#.#..# #...# # .#
####### #.#......# #...# # #
#(....# #.##.##.### #..<#
##.# #.....###.##.......
....S ...#
#.................. .......
####
#.....###..#................
#.....# #..#.##.####.#...#.#
####### #..#.. .# #.#......
#...#.#


You could see an adder.

Vanquished Creatures
  An adder (D:3)
  A worm (D:3)
  2 leopard geckos (D:4)
  An orc (D:3)
  3 bats
  3 hobgoblins
  2 frilled lizards
  2 kobolds
  A rat (D:1)
16 creatures vanquished.

Vanquished Creatures (others)
  Jessica (D:2)
1 creature vanquished.

Grand Total: 17 creatures vanquished

Notes
Turn   | Place    | Note
-------+----------+-------------------------------------------
     0 | D:1      | 4thArraOfDagon the Demigod Fire Elementalist began the quest for the Orb.
     0 | D:1      | Reached XP level 1. HP: 14/14 MP: 5/5
    31 | D:1      | Reached skill level 1 in Conjurations
   165 | D:2      | Killed Jessica
   332 | D:3      | Reached skill level 3 in Fire Magic
   332 | D:3      | Reached XP level 2. HP: 15/20 MP: 1/7
   359 | D:3      | Found a faded altar of an unknown god.
   414 | D:3      | Gained mutation: You have a pair of small antennae on your head. [potion of mutation]
   414 | D:3      | Gained mutation: You evolve. [potion of mutation]
   414 | D:3      | Gained mutation: You are robust. (+10% HP) [potion of mutation]
   414 | D:3      | Gained mutation: You are partially covered in thin metallic scales. (AC +2) [potion of mutation]
   655 | D:4      | Noticed a phantom
   722 | D:3      | Noticed Terence
   765 | D:2      | Found a radiant altar of Vehumet.
   818 | D:2      | HP: 1/22 [poisoned by an adder]
   820 | D:2      | Succumbed to an adder's poison

Vault maps used:
D:1:      dpeg_arrival_arbitrary_c
D:2:      lemuel_coloured_pillars_altar, overflow_temple_1_default,
          fiery_altar_vehumet, uniq_jessica
D:3:      chequers_ecumenical_altar_simple_redux, first_ration, uniq_terence

Skill      XL: |  1  2 |
---------------+-------+-----
Conjurations   | 1 |  1.8
Fire Magic     | 3 |  3.2
Spellcasting   | 2 |  2.0
Dodging        | |  1.7
Stealth        | |  1.7

Action                   || total
-------------------------++-------
Melee: Flail             ||    26
 Cast: Flame Tongue      ||    47
  Use: Scroll            ||     1
       Potion            ||     4
Armor: Robe              ||     6
       Leather armour    ||    14
Dodge: Dodged            ||    62

Table legend:
 A = Spawn XP
 B = Non-spawn XP
 C = Spawn XP percentage of total XP
 D = Spawn monster count
 E = Non-spawn monster count
 F = Spawn count percentage of total count
 G = Total turns spent on level
                    A         B        C        D         E        F      G
               +---------+---------+-------+---------+---------+-------+---------
         Total |       0 |      43 |   0.0 |       0 |      16 |   0.0 |   820
               +---------+---------+-------+---------+---------+-------+---------
           D:1 |       0 |       6 |   0.0 |       0 |       4 |   0.0 |   152
           D:2 |       0 |       6 |   0.0 |       0 |       4 |   0.0 |   200
           D:3 |       0 |      25 |   0.0 |       0 |       6 |   0.0 |   334
           D:4 |       0 |       6 |   0.0 |       0 |       2 |   0.0 |   134
               +---------+---------+-------+---------+---------+-------+---------
